 Dungeon Crawl Stone Soup version 0.27-a0-249-g74f53ef629 (webtiles) character file.

Game seed: 14822068163061334277

297 Borgoz the Slasher (level 6, -1/51 HPs)
             Began as a Ghoul Gladiator on Feb 3, 2021.
             Slain by a sky beast (3 damage)
             ... on level 3 of the Dungeon.
             The game lasted 00:03:15 (2938 turns).

Borgoz the Slasher (Ghoul Gladiator)                Turns: 2938, Time: 00:03:15

Health: -1/51      AC:  6    Str: 18      XL:     6   Next: 35%
Magic:  5/5        EV: 12    Int:  3      God:
Gold:   102        SH:  3    Dex: 10 (12) Spells: 5/5 levels left

rFire    . . .     SeeInvis .   a - +0 long sword
rCold    + . .     Faith    .   o - +0 buckler
rNeg     + + +     Spirit   .   b - +0 leather armour
rPois    ∞         Reflect  .   c - +0 helmet
rElec    .         Harm     .   k - +0 cloak
rCorr    .         Rampage  .   (no gloves)
Will     +....                  i - +0 pair of boots
Stlth    +.........             (no amulet)
HPRegen  0.00/turn              e - ring of willpower
MPRegen  0.09/turn              (no ring)

@: no status effects
A: claws 1, cold resistance 1, negative energy resistance 3, inhibited
regeneration, torment resistance, unbreathing
a: no special abilities


You were on level 3 of the Dungeon.
You visited 1 branch of the dungeon, and saw 3 of its levels.

You collected 102 gold pieces.

Inventory:

Hand Weapons
 a - a +0 long sword (weapon)
Armour
 b - a +0 leather armour (worn)
 c - a +0 helmet (worn)
 i - a +0 pair of boots (worn)
 k - a +0 cloak (worn)
 o - a +0 buckler (worn)
Jewellery
 e - a ring of willpower (left claw)
Scrolls
 f - a scroll of identify {unknown}
 h - a scroll of enchant weapon {unknown}
 j - 2 scrolls of magic mapping {unknown}
 n - a scroll of immolation {unknown}
Potions
 g - a potion of brilliance


   Skills:
 + Level 3.6 Fighting
 * Level 4.3 Long Blades
 - Level 1.7 Throwing
 + Level 2.0 Armour
 + Level 3.5 Dodging
 + Level 1.3 Shields


You had 5 spell levels left.
You didn't know any spells.
Your spell library was empty.

Dungeon Overview and Level Annotations

Branches:
Dungeon (3/15)

Altars:
Nemelex Xobeh
Uskayaw

Annotations:
D:2 1 transporter


Innate Abilities, Weirdness & Mutations

You thrive by killing the living.
You are immune to poison.
You have sharp fingernails.
Your flesh is cold resistant. (rC+)
You are immune to negative energy. (rN+++)
You do not regenerate when monsters are visible.
You are immune to unholy pain and torment.
You can survive without breathing.


Message History

The adder bites you.
* * * LOW HITPOINT WARNING * * *
The adder closely misses you.
You riposte.
You slash the adder!
You kill the adder!
You miss the sky beast.
The sky beast is moderately wounded.
The sky beast hits you but does no damage.
You miss the sky beast.
The sky beast is moderately wounded.
The sky beast hits you but does no damage.
You hit the sky beast.
The sky beast is heavily wounded.
The sky beast barely misses you.
Unknown command.
You slash the sky beast!
The sky beast is severely wounded.
The sky beast flickers out of sight!
Deactivating autopickup; reactivate with Ctrl-A.
Something hits you.
You die...

#.# #.. ....... #.# #...
....... #.# ..(###
....... #.# #
...###...... #.# .#
#.##≈..# #.##..#
####...).# #....# .
#....#....#
#.#####...#...##{####..#
#.##........# #@## #...#
#..†...# ## #..# ##.#
..###### #####.###### ..
.## #..........# #
.############..........#
.......................#
#############..........#
#..........#
#..........#


There were no monsters in sight!

Vanquished Creatures
  Sigmund (D:3)
  Robin (D:2)
  5 adders
  5 oozes
  2 dart slugs (D:1)
  A leopard gecko (D:3)
  2 bats (D:1)
  3 giant cockroaches
  13 goblins
  12 hobgoblins
  3 jackals (D:1)
  A quokka (D:3)
  A ball python (D:2)
  3 frilled lizards (D:1)
  2 kobolds (D:1)
  6 rats
61 creatures vanquished.

Notes
Turn   | Place    | Note
-------+----------+-------------------------------------------
     0 | D:1      | Borgoz the Ghoul Gladiator began the quest for the Orb.
     0 | D:1      | Reached XP level 1. HP: 17/17 MP: 0/0
   114 | D:1      | Reached XP level 2. HP: 21/25 MP: 1/1
   126 | D:1      | Reached skill level 3 in Long Blades
   303 | D:1      | Reached XP level 3. HP: 25/30 MP: 2/2
   697 | D:1      | Reached skill level 1 in Armour
  1275 | D:2      | Noticed Robin
  1283 | D:2      | Reached XP level 4. HP: 21/37 MP: 3/3
  1307 | D:2      | HP: 1/37 [Robin/+0 spear (5)]
  1309 | D:2      | Killed Robin
  1641 | D:2      | Found a hide-covered altar of Uskayaw.
  2172 | D:2      | Found a sparkling altar of Nemelex Xobeh.
  2172 | D:2      | Found a transporter.
  2561 | D:3      | Noticed Sigmund
  2563 | D:3      | Reached XP level 5. HP: 39/45 MP: 4/4
  2592 | D:3      | Killed Sigmund
  2593 | D:3      | Reached skill level 4 in Long Blades
  2593 | D:3      | Reached skill level 1 in Shields
  2593 | D:3      | Reached XP level 6. HP: 21/51 MP: 5/5
  2911 | D:3      | Noticed a sky beast
  2934 | D:3      | HP: 2/51 [adder (2)]
  2938 | D:3      | Slain by a sky beast

Illustrated notes

Levels and vault maps discovered:
D:1:      dpeg_arrival_simpleton_b, layout_basic, minmay_strange_pillars,
          grunt_decor_mini_mirrors
D:2:      layout_basic, overflow_temple_1_default, grunt_nemelex_the_gamble,
          uniq_robin
D:3:      layout_rooms, uniq_sigmund, uniq_crazy_yiuf_cottage

Skill      XL: |  1  2  3  4  5 |
---------------+----------------+-----
Long Blades    | 3 4 |  4.3
Dodging        | 3 |  3.5
Armour         | 1 2 |  2.0
Fighting       | 3 |  3.6
Shields        | 1 |  1.3
Throwing       | |  1.7

Action                   |  1- 3 |  4- 6 || total
-------------------------+-------+-------++-------
Melee: Long sword        |    82 |   110 ||   192
Throw: Throwing net      |       |     4 ||     4
  Use: Potion            |       |     5 ||     5
 Stab: Distracted        |       |     1 ||     1
Armor: Leather armour    |    25 |    52 ||    77
Dodge: Dodged            |    68 |    92 ||   160
Block: Buckler           |       |     9 ||     9
       Rpst.: Long sword |    20 |    31 ||    51

Table legend: (Time is in decaauts)
 A = Elapsed time spent in this place.
 B = Non-inter-level travel time spent in this place.
 C = Inter-level travel time spent in this place.
 D = Time resting spent in this place.
 E = Time spent auto-exploring this place.
 F = Levels seen in this place.
 G = Mean time per level.
                   A        B        C        D        E       F      G
               +--------+--------+--------+--------+--------+-----+--------+
         Total |   2986 |   2862 |    124 |    533 |   1854 |   3 |  995.3 |
       Dungeon |   2986 |   2862 |    124 |    533 |   1854 |   3 |  995.3 |
               +--------+--------+--------+--------+--------+-----+--------+

Top non-repeatable levels by time:
     D:2: 1296 daAuts
     D:1: 1214 daAuts
     D:3: 475 daAuts
